 Dungeon Sprint DCSS version 0.20-a0-629-gc37eb77 (webtiles) character file.

842 Kidiri the Thaumaturge (level 7, -15/41 HPs)
             Began as a Deep Elf Fire Elementalist on Feb 10, 2017.
             Was a Follower of Vehumet.
             Demolished by a shadow (23 damage)
             ... in the Dungeon (Sprint III: "The Ten Rune Challenge").
             The game lasted 00:07:29 (743 turns).

Kidiri the Thaumaturge (Deep Elf Fire Elementalist)  Turns: 743, Time: 00:07:30

Health: -15/41     AC:  2    Str:  5    XL:     7   Next: 67%
Magic:  2/25       EV: 16    Int: 22    God:    Vehumet [*.....]
Gold:   35         SH:  0    Dex: 17    Spells: 4/31 levels left

rFire    . . .     SeeInvis .   e - +1 dagger (drain)
rCold    . . .     Gourm    .   a - +0 robe
rNeg     . . .     Faith    .   (no shield)
rPois    .         Spirit   .   (no helmet)
rElec    .         Reflect  .   (no cloak)
rCorr    .         Harm     .   (no gloves)
MR       .....     NoTele   +   (no boots)
Stlth    ++++......             (no amulet)
Regen    0.6/turn               (no ring)
                                (no ring)

@: very slightly contaminated
A: thin skeletal structure 1, camouflage 1, regeneration 1, MP-powered wands
a: Renounce Religion


You were in the Dungeon.
You worshipped Vehumet.
Vehumet was aware of your devotion.
You were not hungry.

You visited 1 branch You collected 35 gold pieces.

Inventory:

Hand Weapons
 e - a +1 dagger of draining (weapon)
Armour
 a - a +0 robe (worn)
Scrolls
 i - a scroll of blinking
 k - 2 scrolls of identify
 l - a scroll of holy word
 m - a scroll of remove curse {unknown}
 p - 2 scrolls of torment {unknown}
Potions
 d - a potion of might
 f - a potion of haste
 g - 2 potions of magic
 h - a potion of berserk rage
 o - 2 potions of flight {unknown}
Books
 q - a book of Air

   Spells                             Type                      Level
   a - Shock                          Conjuration/Air              1
   b - Swiftness                      Charms/Air                   2
   c - Static Discharge               Conjuration/Air              3
   d - Airstrike                      Air                          4
   e - Lightning Bolt                 Conjuration/Air              5
Comestibles
 b - 5 chunks of flesh
 c - a bread ration
 n - 2 meat rations


   Skills:
 + Level 3.4 Fighting
 + Level 4.0 Short Blades
 + Level 3.5 Armour
 + Level 5.9 Dodging
 - Level 2.4 Stealth
 * Level 12.7 Spellcasting
 + Level 7.5 Conjurations
 + Level 8.2 Fire Magic
 + Level 4.0 Air Magic


You had 4 spell levels left.
You knew the following spells:

 Your Spells              Type           Power        Failure   Level  Hunger
a - Flame Tongue          Conj/Fire      #####        1%          1    None
b - Throw Flame           Conj/Fire      #####.       1%          2    None
c - Conjure Flame         Conj/Fire      #####...     1%          3    None
d - Inner Flame           Hex/Fire       ####....     2%          3    None
e - Sticky Flame          Conj/Fire      #####...     1%          4    None
f - Fireball              Conj/Fire      #####.....   6%          5    ###....
g - Airstrike             Air            ####......   12%         4    None
h - Lightning Bolt        Conj/Air       #####.....   14%         5    ###....


Dungeon Overview and Level Annotations

Branches:
Dungeon (1/1)

Altars:
Elyvilon
Kikubaaqudgha
Okawaru
Sif Muna
Trog
Uskayaw
Vehumet
Zin
The Shining One
Beogh


Innate Abilities, Weirdness & Mutations

You have a somewhat thin skeletal structure. (Dex +2, Stealth)
Your skin changes colour to match your surroundings (Stealth+).
Your natural rate of healing is unusually fast.
You expend magic power (3 MP) to strengthen your wands.


Message History

Aiming: Airstrike
Press: ? - help, Dir - move target cursor, f - shadow
Aim: a shadow (lightly damaged)
The air twists around and violently strikes the shadow!
The shadow is almost destroyed.
The shadow slips into darkness.
The shadow flickers and vanishes!
Deactivating autopickup; reactivate with Ctrl-A.
Unknown command.
Casting: Airstrike
Confirm with . or Enter, or press ? or * to list all spells.
You don't have enough magic to cast that spell.
Unknown command.
Unknown command.
Casting: Airstrike
Confirm with . or Enter, or press ? or * to list all spells.
You don't have enough magic to cast that spell.
The shadow strikes at you from the darkness!
Ouch! That really hurt!
You die...

▓..#..#......♣ ♣.#___#__[#
▓#'####....♣♣♣ ♣.#...#§_.#
▓...÷.#....≈♣♣♣♣♣.###+#÷###+##
▓.....#...≈≈♣..♣..#..........#
▓.....#..≈≈≈≈.♣♣..'.⌠........#
▓####[#..≈≈≈≈≈≈♣♣.#...######'#
▓.....#.≈≈≈≈≈≈....#.).# #
▓.....#.≈≈≈≈≈.....#...#
▓.....#.≈≈≈..@....#+###
▓'#####...........#.[:#
▓.................#___#
▓▓▓▓▓▓▓▓▓▓▓▓▓▓▓▓▓▓▓▓▓▓▓


There were no monsters in sight!

Vanquished Creatures
  A deep elf mage (D)
  A water elemental (D)
  A scorpion (D)
  Jessica (D)
  A wizard (D)
  3 humans (D)
  A kobold demonologist (D)
  An ooze (D)
  2 rats (D)
12 creatures vanquished.

Vanquished Creatures (others)
  2 draconian scorchers (D)
  6 hellions (D)
  A yaktaur (D)
9 creatures vanquished.

Grand Total: 21 creatures vanquished

Notes
Turn   | Place    | Note
-------+----------+-------------------------------------------
     0 | D        | Kidiri the Deep Elf Fire Elementalist began the quest for the Orb.
     0 | D        | Reached XP level 1. HP: 10/10 MP: 6/6
     7 | D        | Reached skill level 4 in Spellcasting
   101 | D        | Killed a hellion
   108 | D        | Killed a hellion
   110 | D        | Killed a hellion
   110 | D        | Killed a hellion
   111 | D        | Killed a hellion
   135 | D        | Killed a hellion
   168 | D        | Noticed Jessica
   172 | D        | Killed Jessica
   172 | D        | Reached skill level 6 in Spellcasting
   172 | D        | Reached XP level 2. HP: 15/15 MP: 4/11
   172 | D        | Reached XP level 3. HP: 19/19 MP: 4/13
   176 | D        | Learned a level 2 spell: Throw Flame
   180 | D        | Learned a level 3 spell: Conjure Flame
   184 | D        | Learned a level 3 spell: Inner Flame
   195 | D        | Killed a white draconian scorcher
   238 | D        | Killed a white draconian scorcher
   257 | D        | Killed a yaktaur
   262 | D        | Noticed a scorpion
   276 | D        | Killed a scorpion
   276 | D        | Reached skill level 8 in Spellcasting
   276 | D        | Reached skill level 5 in Fire Magic
   276 | D        | Reached XP level 4. HP: 24/24 MP: 1/16
   284 | D        | Learned a level 4 spell: Sticky Flame
   458 | D        | Gained mutation: You are partially covered in molten scales. (AC +2) [potion of mutation]
   458 | D        | Gained mutation: Your system is resistant to poisons. (rPois) [potion of mutation]
   458 | D        | Gained mutation: You are resistant to hostile enchantments. (MR+) [potion of mutation]
   459 | D        | Lost mutation: You are resistant to hostile enchantments. (MR+) [potion of mutation]
   459 | D        | Gained mutation: Your muscles are strong. (Str +2) [potion of mutation]
   460 | D        | Lost mutation: Your muscles are strong. (Str +2) [potion of mutation]
   460 | D        | Lost mutation: Your system is resistant to poisons. (rPois) [potion of mutation]
   460 | D        | Gained mutation: You are dopey. (Int -2) [potion of mutation]
   460 | D        | Gained mutation: You possess an exceptional clarity of mind. [potion of mutation]
   461 | D        | Lost mutation: You possess an exceptional clarity of mind. [potion of mutation]
   461 | D        | Lost mutation: You are dopey. (Int -2) [potion of mutation]
   461 | D        | Gained mutation: You have a pair of small horns on your head. [potion of mutation]
   461 | D        | Lost mutation: You have a pair of small horns on your head. [potion of mutation]
   461 | D        | Gained mutation: You are partially covered in large bone plates. (SH +4) [potion of mutation]
   461 | D        | Gained mutation: You have large cloven feet. [potion of mutation]
   462 | D        | Lost mutation: You are partially covered in large bone plates. (SH +4) [potion of mutation]
   462 | D        | Lost mutation: You have large cloven feet. [potion of mutation]
   462 | D        | Gained mutation: You have a somewhat thin skeletal structure. (Dex +2, Stealth) [potion of mutation]
   462 | D        | Gained mutation: Scrolls take you a little longer to read. [potion of mutation]
   462 | D        | Gained mutation: You have an increased reservoir of magic. (+10% MP) [potion of mutation]
   462 | D        | Gained mutation: Your spells are a little harder to cast, but a little more powerful. [potion of mutation]
   463 | D        | Lost mutation: You have an increased reservoir of magic. (+10% MP) [potion of mutation]
   463 | D        | Gained mutation: You are partially covered in iridescent scales. (AC +2) [potion of mutation]
   463 | D        | Gained mutation: Your natural rate of healing is unusually fast. [potion of mutation]
   463 | D        | Gained mutation: You have sharp toenails. [potion of mutation]
   464 | D        | Lost mutation: Scrolls take you a little longer to read. [potion of mutation]
   464 | D        | Lost mutation: Your spells are a little harder to cast, but a little more powerful. [potion of mutation]
   464 | D        | Lost mutation: You have sharp toenails. [potion of mutation]
   464 | D        | Lost mutation: You are partially covered in molten scales. (AC +2) [potion of mutation]
   464 | D        | Lost mutation: You are partially covered in iridescent scales. (AC +2) [potion of mutation]
   464 | D        | Gained mutation: You expend magic power (3 MP) to strengthen your wands. [potion of mutation]
   464 | D        | Gained mutation: Your skin changes colour to match your surroundings (Stealth+). [potion of mutation]
   498 | D        | Noticed a water elemental
   509 | D        | Killed a water elemental
   509 | D        | Reached skill level 10 in Spellcasting
   509 | D        | Reached skill level 5 in Conjurations
   509 | D        | Reached XP level 5. HP: 17/28 MP: 8/19
   516 | D        | Learned a level 5 spell: Fireball
   580 | D        | Found a radiant altar of Vehumet.
   581 | D        | Found a deep blue altar of Sif Muna.
   581 | D        | Found an ancient bone altar of Kikubaaqudgha.
   585 | D        | Reached skill level 1 in Fighting
   585 | D        | Reached skill level 1 in Armour
   597 | D        | Became a worshipper of Vehumet
   604 | D        | Learned a level 5 spell: Lightning Bolt
   636 | D        | Found a glowing silver altar of Zin.
   637 | D        | Found a glowing golden altar of the Shining One.
   637 | D        | Found a white marble altar of Elyvilon.
   637 | D        | Noticed a deep elf mage
   666 | D        | Killed a deep elf mage
   666 | D        | Reached skill level 5 in Dodging
   666 | D        | Reached skill level 12 in Spellcasting
   666 | D        | Reached XP level 6. HP: 34/36 MP: 14/23
   666 | D        | Reached XP level 7. HP: 38/40 MP: 14/24
   672 | D        | Learned a level 4 spell: Airstrike
   720 | D        | Found a hide-covered altar of Uskayaw.
   720 | D        | Found a roughly hewn altar of Beogh.
   720 | D        | Found an iron altar of Okawaru.
   720 | D        | Found a bloodstained altar of Trog.
   720 | D        | Noticed a human
   723 | D        | Noticed a human
   723 | D        | Killed a human
   723 | D        | Killed a human
   723 | D        | Reached * piety under Vehumet
   723 | D        | Offered knowledge of Sting by Vehumet.
   726 | D        | Noticed a shadow
   743 | D        | Demolished by a shadow

Vault maps used:
D:        dungeon_sprint_mu

Skill      XL: |  1  2  3  4  5  6  7 |
---------------+----------------------+-----
Spellcasting   | 6 8 10 12 | 12.7
Conjurations   | 3 4 5 7 |  7.5
Fire Magic     | 4 5 6 7 8 |  8.2
Fighting       | 2 3 |  3.4
Armour         | 3 |  3.5
Dodging        | 5 |  5.9
Short Blades   | 3 4 |  4.0
Air Magic      | 3 4 |  4.0
Stealth        | |  2.4

Action                   |  1- 3 |  4- 6 |  7- 9 || total
-------------------------+-------+-------+-------++-------
Melee: Unarmed           |     5 |       |       ||     5
       Dagger            |       |     2 |       ||     2
 Cast: Flame Tongue      |    13 |    15 |       ||    28
       Throw Flame       |     1 |       |     1 ||     2
       Conjure Flame     |     1 |       |       ||     1
       Inner Flame       |     1 |       |       ||     1
       Sticky Flame      |       |     3 |       ||     3
       Fireball          |       |       |     2 ||     2
       Lightning Bolt    |       |       |     2 ||     2
       Airstrike         |       |       |     1 ||     1
  Use: Potion            |       |     9 |       ||     9
       Scroll            |       |     1 |     1 ||     2
Armor: Robe              |     2 |     1 |       ||     3
Dodge: Dodged            |     4 |     5 |     1 ||    10
